 Dungeon Crawl Stone Soup version 0.29-a0-323-g050149af67 (webtiles) character file.

Game seed: 3638658672774174191

1106 greenreed the Stinger (level 8, -1/58 HPs)
             Began as a Gnoll Venom Mage on Apr 10, 2022.
             Slain by an iguana (13 damage)
             ... on level 6 of the Dungeon.
             The game lasted 00:19:34 (7639 turns).

greenreed the Stinger (Gnoll Venom Mage)            Turns: 7639, Time: 00:19:34

Health: -1/58      AC:  5    Str:  7    XL:     8   Next: 33%
Magic:  6/17       EV: 14    Int: 16    God:
Gold:   256        SH:  0    Dex: 14    Spells: 15/19 levels left

rFire   + . .      SeeInvis .   z - staff of poison
rCold   . . .      Faith    .   (no shield)
rNeg    . . .      Spirit   .   G - +1 robe {rF+}
rPois   +          Reflect  .   u - +1 hat
rElec   .          Harm     .   (no cloak)
rCorr   .          Rampage  .   (no gloves)
Will    .....                   q - +0 pair of boots
Stlth   +++.......              (no amulet)
HPRegen 0.19/turn               (no ring)
MPRegen 0.15/turn               (no ring)

@: no status effects
A: fangs 1, strong nose, distributed training
a: no special abilities


You were on level 6 of the Dungeon.
You visited 1 branch of the dungeon, and saw 6 of its levels.
You also visited: Sewer.

You collected 375 gold pieces.
You spent 119 gold pieces at shops.

Inventory:

Hand Weapons
 f - a +0 club
 j - a +0 spear
 k - a +0 hunting sling
 o - a +1 dagger of venom
 F - a +6 scimitar of holy wrath
Missiles
 i - 8 poisoned darts
 v - 2 silver boomerangs
 A - 3 atropa-tipped darts
Armour
 a - a +0 robe
 q - a +0 pair of boots (worn)
 s - an orb of wrath
 u - a +1 hat (worn)
 x - a +0 pair of gloves
 D - a +0 kite shield
 G - a +1 robe of fire resistance (worn)
Magical Staves
 z - a staff of poison (weapon)
 B - a staff of death
Jewellery
 m - a ring of flight
 p - a ring of fire
Wands
 y - a wand of iceblast (4)
Scrolls
 d - 3 scrolls of noise {unknown}
 e - a scroll of fog {unknown}
 g - 2 scrolls of amnesia {unknown}
 h - 5 scrolls of enchant weapon {unknown}
 l - 4 scrolls of identify {unknown}
 t - 2 scrolls of immolation {unknown}
 w - 2 scrolls of blinking
 C - a scroll of acquirement {unknown}
 E - a scroll of summoning {unknown}
 H - a scroll of teleportation {unknown}
Potions
 b - a potion of magic
 c - a potion of brilliance {unknown}
 n - a potion of lignification {unknown}
 r - a potion of haste {unknown}


   Skills:
 + Level 3.1 Fighting
 + Level 3.1 Short Blades
 + Level 3.1 Long Blades
 + Level 3.1 Axes
 + Level 3.1 Maces & Flails
 + Level 3.1 Polearms
 + Level 3.1 Staves
 + Level 3.1 Slings
 + Level 3.1 Bows
 + Level 3.1 Crossbows
 + Level 3.1 Throwing
 + Level 3.1 Armour
 + Level 5.6 Dodging
 + Level 5.3 Stealth
 + Level 3.1 Shields
 + Level 3.1 Unarmed Combat
 + Level 6.0 Spellcasting
 + Level 2.5 Conjurations
 + Level 2.5 Hexes
 + Level 2.5 Summonings
 + Level 2.5 Necromancy
 + Level 2.5 Translocations
 + Level 3.4 Transmutations
 + Level 2.5 Fire Magic
 + Level 2.5 Ice Magic
 + Level 2.5 Air Magic
 + Level 2.5 Earth Magic
 + Level 6.1 Poison Magic
 + Level 3.5 Invocations
 + Level 3.1 Evocations


You had 15 spell levels left.
You knew the following spells:

 Your Spells              Type           Power      Damage    Failure   Level
a - Sting                 Tmut/Pois      100%       1d8       1%          1
b - Poisonous Vapours     Pois/Air       56%        N/A       3%          2
c - Pain                  Necr           52%        1d6       4%          1

Your spell library contained the following spells:

 Spells                   Type           Power      Damage    Failure   Level
 Animate Skeleton         Necr           26%        N/A       4%          1
 Wereblood                Tmut           15%        N/A       5%          2
 Sublimation of Blood     Necr           13%        N/A       8%          2
 Mephitic Cloud           Conj/Pois/Air  25%        N/A       9%          3
 Olgreb's Toxic Radiance  Pois           36%        N/A       11%         4
 Tukima's Dance           Hex            13%        N/A       14%         3
 Vampiric Draining        Necr           13%        2d6       14%         3
 Passage of Golubria      Tloc           13%        N/A       43%         4
 Yara's Violent Unravell  Hex/Tmut       7%         3d5       75%         5
 Summon Hydra             Summ           6%         N/A       100%        7


Dungeon Overview and Level Annotations

Branches:
Dungeon (6/15)              Sewer (visited)
 Temple: D:4-7

Altars:
Xom
The Shining One

Shops:
D:4 [

Annotations:
D:5 2 transporters, sirJeffrey23's ghost, novice DsMo


Innate Abilities, Weirdness & Mutations

You have very sharp teeth.
Your uncanny sense of smell can sniff out nearby items.
Your experience applies equally to all skills.


Message History

The black bear claws you. The black bear closely misses you.
The black bear attacks as you move away!
The black bear barely misses you. The black bear claws you. x2
The black bear rages.
The black bear attacks as you move away!
The black bear closely misses you. The black bear claws you.
The black bear barely misses you. x2; The black bear closely misses you.
The black bear claws you.
The black bear attacks as you move away!
The black bear bites you!
* * * LOW HITPOINT WARNING * * *
The black bear claws you.
* * * LOW HITPOINT WARNING * * *
The black bear claws you but does no damage.
The black bear bites you but does no damage.
The black bear misses you. The black bear barely misses you.
Casting: Pain (safe; 4% risk of failure)
Confirm with . or Enter, or press ? or * to list all spells.
Aiming: Pain (safe; 4% risk of failure)
Press: ? - help, Shift-Dir - straight line, f/p - black bear
Aim: a black bear (almost dead, berserk, very poisoned, chance to affect: 67%)
The black bear writhes in agony.
You kill the black bear!
Your Spellcasting skill increases to level 6!
Unknown command.
Casting: Pain (safe; 4% risk of failure)
Confirm with . or Enter, or press ? or * to list all spells.
Aiming: Pain (safe; 4% risk of failure)
Press: ? - help, Shift-Dir - straight line, f - iguana
Aim: an iguana (chance to affect: 76%)
The iguana barely resists.
Casting: Pain (safe; 4% risk of failure)
Confirm with . or Enter, or press ? or * to list all spells.
Aiming: Poisonous Vapours (safe; 3% risk of failure)
Press: ? - help, Dir - move target, f/p - iguana
Aim: an iguana You feel a surge of power!
Poisonous vapours surround the iguana!
The iguana is poisoned.
The iguana attacks as you move away! The iguana bites you!
You die...

∆ #.. #.#######
#.#.....#
#)#.###.#########
#.#†.##l#.......#
#.#..##@#....)..#
#.##.##'#.......#
#....#..........#
#.####..........#
#.# #.....######
#.# #.....# ...
##.#### ..l #.#
#.... #.#


You could see an iguana (poisoned).

Vanquished Creatures
  Sigmund (D:2)
  A black bear (D:6)
  An ice beast (D:6)
  An ogre (D:5)
  Blork the orc (D:5)
  3 bullfrogs
  2 scorpions
  A centaur skeleton (D:3)
  Jessica (D:2)
  2 iguanas
  A gnoll (D:1)
  5 adders
  3 ufetubi
  An adder zombie (D:3)
  3 worms
  4 dart slugs
  2 orcs (D:5)
  3 bats
  10 endoplasms
  16 giant cockroaches
  5 goblins
  6 hobgoblins
  3 jackals (D:1)
  5 kobolds
  7 quokkas
  12 ball pythons
  11 frilled lizards
  A rat (D:2)
112 creatures vanquished.

Notes
Turn   | Place    | Note
-------+----------+-------------------------------------------
     0 | D:1      | greenreed the Gnoll Venom Mage began the quest for the Orb.
     0 | D:1      | Reached XP level 1. HP: 13/13 MP: 6/6
   193 | D:1      | Found a faded altar of an unknown god.
   400 | D:1      | Reached XP level 2. HP: 19/19 MP: 4/7
   403 | D:1      | Learned a level 2 spell: Poisonous Vapours
   782 | D:1      | Reached skill level 5 in Spellcasting
   782 | D:1      | Reached XP level 3. HP: 13/25 MP: 4/9
  1441 | D:2      | Noticed Sigmund
  2312 | D:2      | Killed Sigmund
  2313 | D:2      | Reached skill level 1 in Fighting
  2313 | D:2      | Reached skill level 1 in Short Blades
  2313 | D:2      | Reached skill level 1 in Long Blades
  2313 | D:2      | Reached skill level 1 in Axes
  2313 | D:2      | Reached skill level 1 in Maces & Flails
  2313 | D:2      | Reached skill level 1 in Polearms
  2313 | D:2      | Reached skill level 1 in Staves
  2313 | D:2      | Reached skill level 1 in Slings
  2313 | D:2      | Reached skill level 1 in Bows
  2313 | D:2      | Reached skill level 1 in Crossbows
  2313 | D:2      | Reached skill level 1 in Throwing
  2313 | D:2      | Reached skill level 1 in Armour
  2313 | D:2      | Reached skill level 1 in Shields
  2313 | D:2      | Reached skill level 1 in Unarmed Combat
  2313 | D:2      | Reached skill level 1 in Conjurations
  2313 | D:2      | Reached skill level 1 in Hexes
  2313 | D:2      | Reached skill level 1 in Summonings
  2313 | D:2      | Reached skill level 1 in Necromancy
  2313 | D:2      | Reached skill level 1 in Translocations
  2313 | D:2      | Reached skill level 1 in Fire Magic
  2313 | D:2      | Reached skill level 1 in Ice Magic
  2313 | D:2      | Reached skill level 1 in Air Magic
  2313 | D:2      | Reached skill level 1 in Earth Magic
  2313 | D:2      | Reached skill level 1 in Invocations
  2313 | D:2      | Reached skill level 1 in Evocations
  2313 | D:2      | Reached XP level 4. HP: 32/32 MP: 1/11
  2313 | D:2      | Reached XP level 5. HP: 37/37 MP: 1/12
  3118 | D:2      | Noticed Jessica
  3127 | D:2      | Killed Jessica
  3128 | D:2      | Reached XP level 6. HP: 44/44 MP: 6/13
  4178 | D:3      | Reached skill level 5 in Dodging
  4668 | D:4      | Learned a level 1 spell: Pain
  4972 | D:4      | Found Cuguell's Antique Armour Emporium.
  4981 | D:4      | Bought a glowing hat for 119 gold pieces
  5020 | D:4      | Found a glowing drain.
  5051 | Sewer    | Entered a sewer
  5559 | Sewer    | Reached XP level 7. HP: 44/50 MP: 7/15
  5937 | D:4      | Found a shimmering altar of Xom.
  6289 | D:5      | Entered Level 5 of the Dungeon
  6351 | D:5      | Found a glowing golden altar of the Shining One.
  6418 | D:5      | Found a transporter.
  6422 | D:5      | Noticed sirJeffrey23's ghost (novice DsMo)
  6423 | D:5      | Found a transporter.
  6636 | D:5      | Reached skill level 5 in Stealth
  6910 | D:5      | Noticed Blork the orc
  6923 | D:5      | Killed Blork the orc
  7003 | D:5      | Reached XP level 8. HP: 57/57 MP: 11/16
  7639 | D:6      | Slain by an iguana

Illustrated notes

Levels and vault maps discovered:
D:1:      lemuel_arrival_cross, layout_loops_corners,
          dreamdust_ecumenical_altar_statues
D:2:      layout_basic, uniq_jessica, uniq_sigmund
D:3:      layout_basic, serial_undead, serial_undead_e, serial_undead_c,
          serial_undead_c, serial_undead_c
D:4:      layout_loops_cross, amcnicky_altar_gilded, portal_sewer_entry_f,
          serial_shops, nicolae_shop_crystal
D:5:      layout_loops_ring, lemuel_tele_altar, gammafunk_ghost_mausoleum,
          kennysheep_generic_room_12, uniq_blork_the_orc
D:6:      layout_basic, minmay_temple_entry_junction_2

Skill      XL: |  1  2  3  4  5  6  7  8 |
---------------+-------------------------+-----
Transmutations | 2 3 |  3.4
Spellcasting   | 5 6 |  6.0
Fighting       | 1 2 3 |  3.1
Short Blades   | 1 2 3 |  3.1
Long Blades    | 1 2 3 |  3.1
Axes           | 1 2 3 |  3.1
Maces & Flails | 1 2 3 |  3.1
Polearms       | 1 2 3 |  3.1
Staves         | 1 2 3 |  3.1
Slings         | 1 2 3 |  3.1
Bows           | 1 2 3 |  3.1
Crossbows      | 1 2 3 |  3.1
Throwing       | 1 2 3 |  3.1
Armour         | 1 2 3 |  3.1
Shields        | 1 2 3 |  3.1
Unarmed Combat | 1 2 3 |  3.1
Conjurations   | 1 2 |  2.5
Hexes          | 1 2 |  2.5
Summonings     | 1 2 |  2.5
Necromancy     | 1 2 |  2.5
Translocations | 1 2 |  2.5
Fire Magic     | 1 2 |  2.5
Ice Magic      | 1 2 |  2.5
Air Magic      | 1 2 |  2.5
Earth Magic    | 1 2 |  2.5
Invocations    | 1 2 3 |  3.5
Evocations     | 1 2 3 |  3.1
Dodging        | 5 |  5.6
Stealth        | 5 |  5.3
Poison Magic   | 6 |  6.1

Action                   |  1- 3 |  4- 6 |  7- 9 || total
-------------------------+-------+-------+-------++-------
Melee: Unarmed           |     8 |       |       ||     8
       Punch             |     1 |     2 |       ||     3
       Spear             |     1 |       |       ||     1
       Dagger            |       |    87 |     7 ||    94
       Bite              |       |     4 |     5 ||     9
       Staff             |       |       |    25 ||    25
 Fire: Hunting sling     |     6 |       |       ||     6
 Cast: Sting             |    15 |    12 |     3 ||    30
       Poisonous Vapours |    31 |    85 |    36 ||   152
       Pain              |       |       |    13 ||    13
 Stab: Sleeping          |       |     2 |       ||     2
Armor: Robe              |     1 |    22 |    13 ||    36
Dodge: Dodged            |    27 |    56 |    45 ||   128

Table legend: (Time is in decaauts)
 A = Elapsed time spent in this place.
 B = Non-inter-level travel time spent in this place.
 C = Inter-level travel time spent in this place.
 D = Time resting spent in this place.
 E = Time spent auto-exploring this place.
 F = Levels seen in this place.
 G = Mean time per level.
                   A        B        C        D        E       F      G
               +--------+--------+--------+--------+--------+-----+--------+
         Total |   7740 |   7453 |    287 |    859 |   5398 |   7 | 1105.7 |
       Dungeon |   6902 |   6615 |    287 |    859 |   4808 |   6 | 1150.3 |
         Sewer |    837 |    837 |      0 |      0 |    590 |   1 |  837.0 |
               +--------+--------+--------+--------+--------+-----+--------+

Top non-repeatable levels by time:
     D:1: 2305 daAuts
     D:3: 1304 daAuts
     D:5: 1064 daAuts
     D:2: 1039 daAuts
     D:4: 903 daAuts
   Sewer: 837 daAuts
     D:6: 285 daAuts
